 Dungeon Crawl Stone Soup version 0.32-a0-422-g28b100f618 (webtiles) character file.

Game seed: 10413693246680726354

92053 mdonais the Warrior (level 16, -7/207 HPs)
             Began as a Coglin Berserker on Feb 21, 2024.
             Was a High Priest of Trog.
             Mangled by a meliai
             ... wielding a +0 hand axe
              (12 damage)
             ... on level 14 of the Dungeon.
             The game lasted 01:31:09 (29326 turns).

mdonais the Warrior (Coglin Berserker)             Turns: 29326, Time: 01:31:09

Health: -7/207     AC: 27    Str: 22    XL:     16   Next: 5%
Magic:  0/16       EV: 17    Int:  6    God:    Trog [*****.]
Gold:   1456       SH:  0    Dex: 27    Spells: 15/15 levels left

rFire   . . .        u - +9 quick blade (heavy) {Enheduana}
rCold   . . .        o - +2 rapier (heavy) {Matia}
rNeg    . . .        K - +2 chain mail {rPois}
rPois   +            l - +0 helmet of Botaip {rPois}
rElec   .            b - +2 cloak
rCorr   +            w - +2 pair of gloves {infuse}
SInv    .            n - +3 pair of seven-league boots {Rampage+∞}
Will    +++..        P - amulet of faith
Stlth   x              - ring "Nenui" {rCorr Str+3 Dex+6}
HPRegen 1.54/turn    y - +4 ring of slaying
MPRegen 0.15/turn

%: rampage+∞, faith
@: berserking, lethally poisoned (-7 -> -10), strong-willed, immotile,
regenerating, studying Unarmed Combat, revved, very quick
A: off-hand wielding, slow wielding, warmup strikes, legs shutdown, MP-powered
wands
a: Renounce Religion, Berserk, Trog's Hand, Brothers in Arms


You were on level 14 of the Dungeon.
You worshipped Trog.
Trog was extremely pleased with you.
You visited 4 branches of the dungeon, and saw 22 of its levels.

You collected 2561 gold pieces.
You spent 1105 gold pieces at shops.

Inventory:

Hand Weapons
 o - a +2 heavy rapier (offhand) {Matia}
   (Trog gifted it to you on level 3 of the Lair of Beasts)
 u - a +9 heavy quick blade (weapon) {Enheduana}
   (Trog gifted it to you on level 1 of the Orcish Mines)
Missiles
 v - 4 javelins
 F - 5 curare-tipped darts
 J - 6 atropa-tipped darts
 Z - 3 throwing nets (quivered) {=!f}
Armour
 b - a +2 cloak (worn)
   (You bought it in a shop on level 2 of the Dungeon)
 f - a +2 pair of boots
   (You found it on level 14 of the Dungeon)
 l - the +0 helmet of Botaip (worn) {rPois}
   (You found it on level 9 of the Dungeon)

   rPois:     It protects you from poison
 n - the +3 pair of seven-league boots (worn) {Rampage+∞}
   (You acquired it on level 4 of the Lair of Beasts)

   Rampage+∞: When moving toward enemies, its wearer moves as far as possible,
   alerting their target en route.
 w - a +2 pair of gloves of infusion (worn)
   (You bought it in a shop on level 2 of the Orcish Mines)
 K - a +2 chain mail of poison resistance (worn)
   (You took it off an orc warrior on level 1 of the Orcish Mines)
Jewellery
 g - a ring of willpower
   (You found it on level 5 of the Lair of Beasts)
 x - the ring "Nenui" (left grasper) {rCorr Str+3 Dex+6}
   (You bought it in a shop on level 2 of the Orcish Mines)

   [ring of dexterity]

   Str+3:     It affects your strength (+3).
   Dex+6:     It affects your dexterity (+6).
   rCorr:     It protects you from acid and corrosion.
 y - a +4 ring of slaying (right grasper)
   (You found it on level 5 of the Lair of Beasts)
 I - the amulet "Ocog" {Acrobat Harm rElec Stlth+}
   (You found it on level 13 of the Dungeon)

   [amulet of the acrobat]

   Acrobat:   It increases your evasion while moving and waiting.
   rElec:     It insulates you from electricity.
   Harm:      It increases damage dealt and taken.
   Stlth+:    It makes you more stealthy.
 O - the ring of the Median {*Corrode AC+4 Int+3 Dex+7 Stlth+}
   (You found it on level 13 of the Dungeon)

   [ring of protection]

   AC+4:      It affects your AC (+4).
   Int+3:     It affects your intelligence (+3).
   Dex+7:     It affects your dexterity (+7).
   *Corrode:  It may corrode you when you take damage.
   Stlth+:    It makes you more stealthy.
 P - an amulet of faith (around neck)
   (You found it on level 9 of the Dungeon)
Wands
 e - a wand of roots (8)
   (You found it on level 6 of the Dungeon)
 D - a wand of digging (4)
   (You found it on level 1 of the Lair of Beasts)
 L - a wand of charming (18)
   (You found it on level 8 of the Dungeon)
 S - a wand of mindburst (3)
   (You found it on level 10 of the Dungeon)
 V - a wand of flame (11)
   (You took it off Natasha on level 4 of the Dungeon)
 W - a wand of quicksilver (9)
   (You found it on level 2 of the Lair of Beasts)
Scrolls
 a - 6 scrolls of vulnerability
 i - 3 scrolls of enchant armour
 j - 4 scrolls of enchant weapon
 k - a scroll of fog
 m - 4 scrolls of poison
 r - 7 scrolls of revelation
 B - 7 scrolls of blinking
 E - a scroll of silence
 T - 7 scrolls of teleportation
 X - 2 scrolls of immolation
Potions
 c - 4 potions of cancellation
 d - 3 potions of lignification
 h - 2 potions of mutation
 p - 5 potions of heal wounds
 s - a potion of berserk rage
 A - 2 potions of magic
 C - a potion of ambrosia
 H - 5 potions of haste
 M - 3 potions of brilliance {unknown}
 N - 4 potions of enlightenment
 Q - 6 potions of curing
Miscellaneous
 q - a condenser vane
   (You found it on level 12 of the Dungeon)
 U - a phial of floods
   (You found it on level 12 of the Dungeon)


   Skills:
 - Level 16.0 Fighting
 - Level 14.0 Short Blades
 + Level 11.1 Armour
 + Level 11.1 Dodging
 - Level 11.0 Evocations


You had 15 spell levels left.
You didn't know any spells.
Your spell library was empty.

Dungeon Overview and Level Annotations

Branches:
Dungeon (14/15) Zot: 26755  Temple (1/1) D:6 Zot: 5998    Lair (5/5) D:11 Zot: 22001
 Shoals (0/4) Lair:3        Snake (0/4) Lair:2        Slime (0/5) Lair:4
    Orc (2/2) D:9 Zot: 8767     Elf (0/3) Orc:2
 Vaults: D:13-14

Altars:
Ashenzari
Cheibriados
Dithmenos
Elyvilon
Fedhas
Gozag
Hepliaklqana
Kikubaaqudgha
Makhleb
Nemelex Xobeh
Okawaru
Qazlal
Ru
Sif Muna
Trog
Uskayaw
Vehumet
Wu Jian
Xom
Yredelemnul
Zin
The Shining One
Beogh

Shops:
D:2 [[==   D:8 !   Orc:2 [==*


Innate Abilities, Weirdness & Mutations

You can wield a second weapon in your off-hand.
It takes a long time for you to wield or remove held weapons.
Your first few attacks do less damage.
Attacking and casting redirects power from your legs.
You expend magic power (3 MP) to strengthen your wands.


Message History

No target in view!
No target in view!
No target in view!
You are no longer unable to travel.
Magic restored.
HP restored.
Things that are here:
a +0 shortbow; a centaur corpse Your pack is full.
You see here a +2 pair of boots.
Health restored: 138; MP restored: 16 Your pack is full.
You see here a +2 pair of boots.
Okay, then.
Autopickup disabled for 2 items.
You drop a ring of positive energy.
You drop 11 boomerangs.
You drop a +0 hand axe.
You drop a wand of polymorph (19).
You drop the +5 spear of Hospitality {distort, *Rage Dex+6}.
As you read the scroll of identify, it crumbles to dust.
c - 4 potions of cancellation
As you read the scroll of identify, it crumbles to dust.
n - 5 potions of haste;
H - 5 potions of haste
n - the +3 pair of seven-league boots (worn)
{Rampage+∞}
As you read the scroll of identify, it crumbles to dust.
p - 5 potions of heal wounds
Okay, then.
Okay, then.
f - a +2 pair of boots
Items here: ( )) / =.
Found a stone staircase leading up.
You now have 1439 gold pieces (gained 21).
You now have 1456 gold pieces (gained 17).
A red ugly thing comes into view.
The red ugly thing gurgles horribly!
You hear a horrible gurgling sound! 2 red ugly things come into view.
The red ugly thing gurgles horribly!
You hear an angry buzzing noise.
You stride towards the red ugly thing!
A meliai comes into view. It is wielding a +0 broad axe.
The meliai buzzes angrily.
You puncture the red ugly thing with your +2 heavy rapier!
The red ugly thing is lightly wounded.
You puncture the red ugly thing with your +9 heavy quick blade! x2
The red ugly thing is heavily wounded.
You hear an angry buzzing noise.
A meliai comes into view. It is wielding a +1 heavy hand axe.
You now have 13/16 mp.
You barely miss the red ugly thing with your +9 heavy quick blade.
You closely miss the red ugly thing with your +9 heavy quick blade.
The red ugly thing is heavily wounded.
You puncture the red ugly thing with your +2 heavy rapier!
The red ugly thing engulfs you but does no damage.
A meliai comes into view. It is wielding a +0 hand axe.
You now have 12/16 mp.
You impale the red ugly thing with your +2 heavy rapier!!
You kill the red ugly thing!
Trog accepts your kill.
The meliai calls down the wrath of its god upon you.
Something smites you!
You take 13 damage, and have 125/138 hp.
You now have 11/16 mp.
You closely miss the red ugly thing with your +2 heavy rapier.
You puncture the red ugly thing with your +9 heavy quick blade! x2
The red ugly thing is moderately wounded.
The meliai invokes the aid of its god against you.
Something smites you! The red ugly thing bites you!
You are engulfed in flames!!
The red ugly thing headbutts you but does no damage.
You take 46 damage, and have 79/138 hp.
MASSIVE DAMAGE!!
You now have 9/16 mp.
You impale the red ugly thing with your +2 heavy rapier!!
The red ugly thing is severely wounded.
You puncture the red ugly thing with your +9 heavy quick blade! x2
You kill the red ugly thing!
Trog accepts your kill. The meliai hits you but does no damage.
The meliai completely misses you.
You now have 6/16 mp.
You impale the red ugly thing with your +2 heavy rapier!!
The red ugly thing is moderately wounded.
You puncture the red ugly thing with your +9 heavy quick blade! x2
The red ugly thing is severely wounded.
The meliai calls down the wrath of its god upon you.
Something smites you! The red ugly thing barely misses you.
The meliai completely misses you.
The meliai stings you but does no damage.
The meliai closely misses you. x2
You take 14 damage, and have 65/138 hp.
You now have 3/16 mp.
You are too injured to fight recklessly!
You are too injured to fight recklessly!
You are too injured to fight recklessly!
You are too injured to fight recklessly!
You are too injured to fight recklessly!
You are too injured to fight recklessly!
You are too injured to fight recklessly!
You are too injured to fight recklessly!
You are too injured to fight recklessly!
You are too injured to fight recklessly!
You are too injured to fight recklessly!
You are too injured to fight recklessly!
You are too injured to fight recklessly!
You are too injured to fight recklessly!
You are too injured to fight recklessly!
You are too injured to fight recklessly!
You are too injured to fight recklessly!
You are too injured to fight recklessly!
Unknown command.
Your skin crawls.
You feel strong-willed.
You are no longer unable to travel.
The meliai hits you but does no damage. The meliai closely misses you.
The meliai misses you. The meliai stings you.
You are poisoned.
The meliai poisons you! The red ugly thing bites you.
You are engulfed in flames!
The meliai hits you with a +0 broad axe.
The meliai barely misses you.
The meliai mumbles some strange prayers to its god against you.
Something smites you!
* * * LOW HITPOINT WARNING * * *
You take 33 damage, and have 32/138 hp.
MASSIVE DAMAGE!!
A red film seems to cover your vision as you go berserk!
You feel yourself moving faster!
You feel mighty!
You feel very sick.
The meliai calls down the wrath of its god upon you.
Something smites you!
* * * LOW HITPOINT WARNING * * *
The meliai mumbles some strange prayers to its god against you.
Something smites you!
* * * LOW HITPOINT WARNING * * *
The red ugly thing bites you but does no damage.
The meliai closely misses you. The meliai stings you.
* * * LOW HITPOINT WARNING * * *
The meliai hits you with a +1 heavy hand axe!
* * * LOW HITPOINT WARNING * * *
The meliai stings you but does no damage.
You now have 8/207 hp.
You are too berserk!
You impale the meliai with your +2 heavy rapier!!
The meliai is almost dead.
You impale the meliai with your +9 heavy quick blade!!
You kill the meliai!
Trog accepts your kill.
You feel sick. The meliai hits you but does no damage. The meliai misses you.
The red ugly thing bites you but does no damage.
You take 2 damage, and have 6/207 hp.
You now have 2/16 mp.
You puncture the red ugly thing with your +9 heavy quick blade!
You impale the red ugly thing with your +9 heavy quick blade!!
You kill the red ugly thing!
Trog accepts your kill.
You feel sick. The meliai closely misses you. x2
The meliai hits you with a +0 hand axe!
You die...

# #..# #.
#..# #.
#..#
#.#####..#
#........#
#........#
#....#####
#....#
#..y@#
#..y.)..#
#.......#
#....^..#
#.......#
#.......#
#.......#
#..######


You could see 2 meliai.

Vanquished Creatures
  An orc warlord (Orc:1)
  A balrug (D:13)
  A cacodemon (D:13)
  The ghost of scarr the Spear-Bearer, a journeyman MiMo of Yredelemnul (Lair:4)
  A dire elephant (Lair:5)
  A green death (D:13)
  Josephine (D:11)
  6 hydras
  2 boulder beetles (D:12)
  2 alligators (D:13)
  5 two-headed ogres
  3 centaur warriors
  A merfolk avatar (Lair:5)
  7 death yaks (Lair:4)
  A tengu warrior (D:13)
  4 orc high priests
  Nergalle (D:10)
  4 skysharks
  A soul eater (D:13)
  2 sea snakes (Lair:5)
  2 lindwurms (D:13)
  A harpy (Lair:5)
  2 deep elf pyromancers
  7 orc knights
  Maurice (D:12)
  6 ugly things
  7 orc sorcerers
  4 manticores
  3 cyclopes
  A rust devil (D:13)
  A meliai (D:14)
  5 black mambas
  17 elephants
  6 kobold blastminers
  12 cane toads
  A merfolk siren (Lair:3)
  An orange demon (D:13)
  5 kobold demonologists (D:13)
  2 gargoyles
  Maggie (D:6)
  9 komodo dragons
  7 rime drakes
  A tengu conjurer (D:13)
  4 unseen horrors
  3 wind drakes (Lair:5)
  4 trolls (Orc:2)
  3 polar bears
  2 hornets (Lair:5)
  26 blink frogs
  2 tyrant leeches (D:13)
  A raiju (shapeshifter) (D:13)
  4 wyverns
  5 slime creatures
  Sigmund (D:2)
  A shadow (D:10)
  41 yaks
  Eustachio (D:4)
  A yak (shapeshifter) (D:13)
  5 steam dragons
  5 wraiths
  8 basilisks
  A warg (Orc:2)
  2 fire bats (D:13)
  A vampire mosquito (D:12)
  A chaos spawn (D:13)
  Edmund (D:4)
  2 acid dragons
  2 nagas (Lair:2)
  13 water moccasins
  3 sky beasts
  23 orc warriors
  5 ice beasts
  2 hornet zombies (D:8)
  7 ogres
  3 wolves (Lair:2)
  11 centaurs
  2 phantoms
  3 kobold brigands
  2 wyvern zombies (D:8)
  6 bullfrogs
  2 gnoll sergeants
  5 scorpions
  13 wights
  3 killer bees (D:8)
  2 howler monkeys
  2 vampire bats (D:13)
  5 electric eels (D:10)
  2 centaur zombies (D:8)
  3 hounds
  14 orc priests
  9 jellies
  6 iguanas
  A sleepcap (D:5)
  Terence (D:2)
  Natasha (thrice) (D:4)
  26 orc wizards
  2 human simulacra (D:8)
  2 howler monkey zombies (D:8)
  12 gnolls
  8 adders
  2 white imps (D:5)
  11 dart slugs
  6 ribbon worms
  42 orcs
  14 bats
  16 endoplasms
  7 giant cockroaches
  6 goblins
  9 hobgoblins
  6 jackals
  2 quokkas
  5 ball pythons
  10 frilled lizards
  22 kobolds
  2 rats
  2 butterflies
638 creatures vanquished.

Vanquished Creatures (collateral kills)
  An orc warrior (Orc:1)
  A wight (D:8)
  3 killer bees (D:8)
5 creatures vanquished.

Vanquished Creatures (others)
  2 orc warriors (Orc:1)
2 creatures vanquished.

Grand Total: 645 creatures vanquished

Notes
Turn   | Place    | Note
-------+----------+-------------------------------------------
     0 | D:1      | mdonais the Coglin Berserker began the quest for the Orb.
     0 | D:1      | Reached XP level 1. HP: 18/18 MP: 1/1
   142 | D:1      | Reached XP level 2. HP: 24/24 MP: 2/2
   269 | D:1      | Reached XP level 3. HP: 25/29 MP: 3/3
   731 | D:1      | Reached ** piety under Trog
   732 | D:1      | Reached skill level 4 in Fighting
   732 | D:1      | Reached XP level 4. HP: 30/37 MP: 4/4
   911 | D:2      | Reached XP level 5. HP: 43/43 MP: 5/5
   954 | D:2      | Found Evuxeong's Jewellery Boutique.
  1013 | D:2      | Noticed Sigmund
  1134 | D:2      | You fall into a shaft and drop 2 floors!
  1154 | D:4      | HP: 2/43 [poisoned by an orc]
  1156 | D:4      | Gained mutation: You expend magic power (3 MP) to
                  | strengthen your wands. [potion of mutation]
  1298 | D:2      | Noticed Terence
  1308 | D:2      | Killed Terence
  1468 | D:2      | Found Patuvuoh's Armour Boutique.
  1521 | D:2      | Found Meroh's Antique Armour Shop.
  1554 | D:2      | Found Xecliyz's Jewellery Emporium.
  1854 | D:2      | Reached skill level 5 in Fighting
  1984 | D:2      | Killed Sigmund
  1985 | D:2      | Reached skill level 5 in Short Blades
  1985 | D:2      | Reached XP level 6. HP: 51/51 MP: 6/6
  2328 | D:3      | Found a shimmering altar of Xom.
  2439 | D:3      | Reached XP level 7. HP: 55/57 MP: 7/7
  2447 | D:3      | Found a faded altar of an unknown god.
  2793 | D:4      | Noticed Eustachio
  2807 | D:4      | Killed Eustachio
  2808 | D:4      | Reached skill level 6 in Fighting
  2933 | D:4      | Noticed Natasha
  2938 | D:4      | Killed Natasha
  2938 | D:4      | Reached *** piety under Trog
  3180 | D:4      | Reached XP level 8. HP: 64/65 MP: 8/8
  3526 | D:4      | Noticed Edmund
  3534 | D:4      | Killed Edmund
  3535 | D:4      | Reached skill level 7 in Fighting
  3585 | D:4      | Noticed Natasha
  3592 | D:4      | Killed Natasha
  3758 | D:4      | Noticed Natasha
  3764 | D:4      | Killed Natasha
  4674 | D:5      | Entered Level 5 of the Dungeon
  4718 | D:5      | Reached skill level 1 in Evocations
  4810 | D:5      | Found a shimmering blue altar of Sif Muna.
  5124 | D:5      | Found a glowing golden altar of the Shining One.
  5196 | D:5      | Found an ornate altar of the Wu Jian Council.
  5544 | D:6      | Found a sparkling altar of Nemelex Xobeh.
  5570 | D:6      | Found a staircase to the Ecumenical Temple.
  5678 | Temple   | Entered the Ecumenical Temple
  5789 | D:6      | Found a broken altar of Ashenzari.
  5818 | D:6      | Reached XP level 9. HP: 72/72 MP: 9/9
  5841 | D:6      | Noticed Maggie
  5869 | D:6      | Killed Maggie
  5948 | D:6      | Reached skill level 8 in Fighting
  6189 | D:6      | Found a runed translucent door.
  6520 | D:6      | Reached **** piety under Trog
  6544 | D:6      | Reached skill level 9 in Fighting
  6606 | D:6      | Found a roughly hewn altar of Beogh.
  6854 | D:7      | Reached skill level 10 in Fighting
  7159 | D:7      | Reached XP level 10. HP: 66/85 MP: 10/10
  8144 | D:8      | Noticed a two-headed ogre
  8155 | D:8      | Killed a two-headed ogre
  8213 | D:8      | Noticed a two-headed ogre
  8257 | D:8      | Killed a two-headed ogre
  8654 | D:8      | Reached skill level 5 in Armour
  8654 | D:8      | Reached skill level 5 in Dodging
  8792 | D:8      | Reached skill level 11 in Fighting
  8939 | D:8      | Reached XP level 11. HP: 70/93 MP: 11/11
  9184 | D:8      | Found a basalt altar of Yredelemnul.
  9439 | D:8      | Found Teeh's Distillery.
  9565 | D:8      | Reached ***** piety under Trog
  9901 | D:2      | Bought a +2 cloak for 181 gold pieces
 10186 | D:9      | Identified the +0 helmet of Botaip {rPois}
 10653 | D:9      | Found a staircase to the Orcish Mines.
 10710 | D:10     | Entered Level 10 of the Dungeon
 10716 | D:10     | Found a stormy altar of Qazlal.
 11211 | D:10     | Reached skill level 10 in Short Blades
 11477 | D:10     | Reached skill level 12 in Fighting
 11557 | D:10     | Noticed Nergalle
 11580 | D:10     | Killed Nergalle
 11999 | D:11     | Noticed a two-headed ogre
 12022 | D:11     | Killed a two-headed ogre
 12041 | D:11     | Noticed Josephine
 12051 | D:11     | Killed Josephine
 12052 | D:11     | Reached skill level 5 in Evocations
 12355 | D:11     | Found a staircase to the Lair.
 12558 | D:11     | Noticed a purple ugly thing
 12646 | D:11     | Killed a purple ugly thing
 12892 | D:11     | Noticed a cyclops
 12919 | D:11     | Killed a cyclops
 12920 | D:11     | Reached XP level 12. HP: 23/103 MP: 12/12
 13521 | Orc:1    | Entered Level 1 of the Orcish Mines
 13688 | Orc:2    | Entered Level 2 of the Orcish Mines
 14349 | Orc:2    | Found a staircase to the Elven Halls.
 14686 | Orc:1    | Noticed an orc warlord
 14718 | Orc:1    | Killed an orc warlord
 14723 | Orc:1    | Reached skill level 13 in Fighting
 14972 | Orc:1    | Received a gift from Trog
 14973 | Orc:1    | Noticed an orc high priest
 14974 | Orc:1    | Reached skill level 14 in Fighting
 14991 | Orc:1    | Killed an orc high priest
 15429 | Orc:1    | Found a roughly hewn altar of Beogh.
 15435 | Orc:1    | Identified the +4 battleaxe of the Onslaught {elec, *Rage
                  | rF+ Stlth+}
 16105 | Orc:2    | Reached XP level 13. HP: 113/113 MP: 4/13
 16563 | Orc:2    | Received a gift from Trog
 16730 | Orc:2    | Found Kekazxy's Armour Boutique.
 16735 | Orc:2    | Found Sicoxont's Jewellery Emporium.
 16742 | Orc:2    | Found Lasozuim's Jewellery Emporium.
 16744 | Orc:2    | Found Kuduxuuz's Assorted Antiques.
 16753 | Orc:2    | Bought a scroll labelled VADIZ JIRET for 30 gold pieces
 16753 | Orc:2    | Bought a scroll labelled PIUD WOAKKEO for 30 gold pieces
 16753 | Orc:2    | Bought a scroll labelled PICENTACUA for 30 gold pieces
 16784 | Orc:2    | Bought a +1 pair of gloves of infusion for 231 gold pieces
 16824 | Orc:2    | Bought the ring "Nenui" {rCorr Str+3 Dex+6} for 603 gold
                  | pieces
 16963 | Lair:1   | Entered Level 1 of the Lair of Beasts
 16964 | Lair:1   | You fall into a shaft and drop 1 floor!
 18629 | Lair:2   | Identified the +2 short sword "Keketsy" {antimagic, rPois}
 19204 | Lair:2   | Found a staircase to the Snake Pit.
 19930 | Lair:3   | Reached XP level 14. HP: 121/121 MP: 0/14
 19937 | Lair:3   | Received a gift from Trog
 20730 | Lair:3   | Found a staircase to the Shoals.
 21153 | Lair:4   | Found a runed translucent door.
 21519 | Lair:4   | Acquired the +3 pair of seven-league boots {Rampage+∞}
 21519 | Lair:4   | Found the +3 pair of seven-league boots {Rampage+∞}
 21593 | Lair:4   | Identified the +1 pair of gloves "Giedgh" {Str+2}
 21894 | Lair:4   | Reached skill level 15 in Fighting
 22004 | Lair:4   | Found a staircase to the Slime Pits.
 22499 | Lair:4   | Noticed scarr's ghost (journeyman MiMo)
 22848 | Lair:4   | Killed scarr's ghost
 22889 | Lair:5   | Entered Level 5 of the Lair of Beasts
 23065 | Lair:5   | Received a gift from Trog
 23391 | Lair:5   | Noticed a dire elephant
 23412 | Lair:5   | Killed a dire elephant
 23413 | Lair:5   | Reached XP level 15. HP: 129/129 MP: 0/15
 23799 | Lair:5   | Found the +12 glaive of Prune {freeze, Prune}
 23821 | Lair:5   | Reached skill level 10 in Armour
 24260 | Lair:5   | Reached skill level 16 in Fighting
 24315 | Lair:5   | Reached skill level 10 in Dodging
 25339 | D:12     | Reached ****** piety under Trog
 25342 | D:12     | Received a gift from Trog
 25903 | D:12     | Noticed Maurice
 25907 | D:12     | Killed Maurice
 25914 | D:12     | Reached skill level 10 in Evocations
 27701 | D:13     | Received a gift from Trog
 27934 | D:13     | Found a burning altar of Makhleb.
 27934 | D:13     | Noticed a balrug
 27938 | D:13     | Killed a balrug
 28037 | D:13     | Identified the amulet "Ocog" {Acrobat Harm rElec Stlth+}
 28212 | D:13     | Noticed a cacodemon
 28217 | D:13     | Killed a cacodemon
 28281 | D:13     | Identified the ring of the Median {*Corrode AC+4 Int+3
                  | Dex+7 Stlth+}
 28746 | D:13     | Reached XP level 16. HP: 137/138 MP: 4/16
 28823 | D:13     | Identified the +5 spear of Hospitality {distort, *Rage
                  | Dex+6}
 29122 | D:14     | Found an ornate altar of the Wu Jian Council.
 29324 | D:14     | HP: 8/207 [meliai/+1 heavy hand axe (10)]
 29326 | D:14     | Mangled by a meliai

Illustrated notes

Levels and vault maps discovered:
D:1:      wander_arrival_peaceful_grave, layout_basic, kennysheep_minor_cross
D:2:      layout_loops_corners, serial_shops, shop, shop,
          nicolae_shop_real_fake_doors, shop_statue, uniq_sigmund, uniq_terence
D:3:      layout_basic, xom_butterflies, hellmonk_ecumenical_altar_blasted
D:4:      layout_basic, bh_walls_and_bars, uniq_eustachio, uniq_edmund,
          uniq_natasha
D:5:      layout_basic, overflow_temple_1_default, tso_oasis_becter,
          mainiacjoe_overflow_tiny_flanked, minmay_tree_intersection,
          hangedman_decor_growths, minmay_gold_behind_fungi
D:6:      layout_loops_ring, nemelex_dance_club_becter,
          ashenzari_conservatory_becter, temple_doors_e,
          lightli_church_of_beogh, uniq_maggie
D:7:      layout_basic, sword_in_stone
D:8:      cheibrodos_fzero, layout_basic, nicolae_yredelemnul_corpse_copse,
          serial_shops, nicolae_shop_back_alley_shop, bh_circular_ruins
D:9:      layout_loops_cross, orc_0_dummy
D:10:     layout_basic, grunt_qazlal_sundering, uniq_nergalle
D:11:     layout_loops_ring, lair_entry_dummy, uniq_josephine
D:12:     layout_basic, minmay_pinched_square, uniq_maurice
D:13:     evilmike_makhleb_hellhole, layout_basic,
          hangedman_parallel_progression
D:14:     regret_index_early_branch_jog, layout_irregular_city,
          hellmonk_vaults_keyhole, minmay_splitting_lines,
          nicolae_lava_and_water, pdpol_wu_jian_five_deadly_venoms
Temple:   nicolae_temple_superstar
Lair:1:   layout_gridlike, serial_bayou_shore_b, grunt_megastairs_2,
          lemuel_fruit_fields
Lair:2:   layout_cave_pods, minmay_snake_entry_guardpost_large
Lair:3:   layout_regular_city, elwin_shoals_entry_rooms
Lair:4:   layout_roguey, nicolae_slime_entry_slimehenge,
          ebering_ghost_reflecting_pool, lemuel_fruit_fields, lemuel_fruit_tree
Lair:5:   gammafunk_lair_ancient_temple, layout_regular_city
Orc:1:    orc_temple, layout_caves
Orc:2:    st_orc_elflike, layout_caves, nicolae_orc_minecarts

Skill      XL: |  1  2  3  4  5  6  7  8  9 10 11 12 13 14 15 |
---------------+----------------------------------------------+-----
Short Blades   | 3 4 5 6 7 8 9 10 14 | 14.0
Fighting       | 4 5 6 7 10 11 12 14 15 16 | 16.0
Armour         | 3 5 6 7 9 11 | 11.1
Dodging        | 3 5 6 7 9 11 | 11.1
Evocations     | 4 6 7 11 | 11.0

Action                     |  1- 3 |  4- 6 |  7- 9 | 10-12 | 13-15 | 16-18 || total
---------------------------+-------+-------+-------+-------+-------+-------++-------
  Melee: Short sword       |   113 |   282 |   270 |    36 |   654 |       ||  1355
         Rapier            |       |       |    21 |       |   156 |     8 ||   185
         Dagger            |       |       |   341 |  1460 |       |       ||  1801
         Quick blade       |       |       |       |   113 |  1613 |    15 ||  1741
 Invoke: Berserk           |       |     3 |     5 |    12 |     9 |     1 ||    30
         Trog's Hand       |       |       |     1 |     1 |     1 |     1 ||     4
         Brothers in Arms  |       |       |       |     1 |       |       ||     1
  Evoke: Wand              |       |       |     4 |    17 |       |       ||    21
    Use: Potion            |       |     2 |       |     1 |       |       ||     3
         Scroll            |       |       |     5 |    11 |    10 |     3 ||    29
   Stab: Sleeping          |     3 |     2 |       |     2 |       |       ||     7
 Armour: Animal skin       |    35 |    19 |       |       |       |       ||    54
         Ring mail         |       |    29 |       |       |       |       ||    29
         Scale mail        |       |    22 |    13 |       |       |       ||    35
         Leather armour    |       |       |   132 |   380 |       |       ||   512
         Chain mail        |       |       |       |    18 |   403 |    20 ||   441
  Dodge: Dodged            |    33 |    48 |   103 |   341 |   268 |    16 ||   809

Table legend: (Time is in decaauts)
 A = Elapsed time spent in this place.
 B = Non-inter-level travel time spent in this place.
 C = Inter-level travel time spent in this place.
 D = Time resting spent in this place.
 E = Time spent auto-exploring this place.
 F = Levels seen in this place.
 G = Mean time per level.
                   A        B        C        D        E       F      G
               +--------+--------+--------+--------+--------+-----+--------+
         Total |  28676 |  27304 |   1372 |   2734 |  19837 |  22 | 1303.5 |
       Dungeon |  17443 |  16390 |   1053 |   1582 |  12014 |  14 | 1245.9 |
        Temple |      1 |      1 |      0 |      0 |      0 |   1 |    1.0 |
          Lair |   7998 |   7803 |    195 |    108 |   6578 |   5 | 1599.6 |
  Orcish Mines |   3233 |   3110 |    123 |   1044 |   1245 |   2 | 1616.5 |
               +--------+--------+--------+--------+--------+-----+--------+

Top non-repeatable levels by time:
    D:13: 2702 daAuts
  Lair:5: 2184 daAuts
     D:4: 2165 daAuts
   Orc:2: 2035 daAuts
     D:8: 1846 daAuts
  Lair:3: 1562 daAuts
  Lair:4: 1547 daAuts
    D:10: 1536 daAuts
  Lair:1: 1357 daAuts
  Lair:2: 1347 daAuts
    D:11: 1258 daAuts
     D:7: 1246 daAuts
   Orc:1: 1197 daAuts
     D:2: 1194 daAuts
     D:6: 1156 daAuts
